Map: Torri del crepuscolo

Players

Mørtebianca - Winner!

  • Race: Zerg Zerg
  • League: Diamond

Jhyrachy

  • Race: Zerg Zerg
  • League: Gold

VOD

Have the link to the VOD?

Description

Time

  • Played on: April 17, 2016, 9:22 a.m.
  • Length: 7:01
Show
View Real Time Build Order
Export as new Build Order

Mørtebianca Zerg - Winner!

Build Orders: Pool First 

Get SALT Encoding   

  12  0:01  Drone  
  13  0:08  Drone  
  13  0:13  Extractor  
  13  0:16  Drone  
  14  0:32  Spawning Pool  
  13  0:40  Drone  
  14  0:45  Overlord  
  14  1:16  Hatchery  
  13  1:20  Drone  
  14  1:30  Metabolic Boost  
  14  1:35  Zergling x2  
  14  1:39  Zergling x2  
  16  1:42  Zergling x2  
  16  1:46  Zergling x2  
  18  1:57  Drone  
  19  2:06  Evolution Chamber  
  18  2:11  Queen  
  20  2:17  Drone  
  21  2:26  Drone  
  22  2:36  Drone x2  
  24  2:50  Zergling x4  
  24  2:59  Drone x2  
  24  3:01  Zerg Melee Weapons Level 1  
  24  3:05  Zergling x4  
  28  3:13  Overlord  
  28  3:32  Zergling x12  
  28  3:34  Zergling x2  
  35  3:46  Drone  
  35  3:47  Baneling Nest  
  35  3:48  Drone  
  34  4:04  Drone  
  35  4:13  Drone, Evolution Chamber  
  34  4:26  Hatchery  
  34  4:28  Drone x2  
  34  4:29  Overlord  
  35  4:32  Baneling x2  
  35  4:33  Baneling  
  35  4:34  Baneling  
  35  4:39  Baneling  
  35  4:45  Zerg Ground Armor Level 1  
  31  5:08  Zergling x12  
  31  5:09  Zergling x2  
  35  5:19  Zergling x10  
  37  5:23  Drone  
  38  5:33  Drone x2  
  40  5:39  Drone  
  41  5:46  Drone x2  
  43  5:52  Baneling x2  
  42  5:58  Hatchery, Zergling x8  
  42  6:07  Zergling x6  
  42  6:08  Zergling x2  
  43  6:13  Zergling x4  
  43  6:14  Zergling x2  
  44  6:21  Queen  
  46  6:33  Baneling x7  
  46  6:34  Baneling x3  
  46  6:42  Zergling x2  
  46  6:43  Zergling x8  
Show
View Real Time Build Order
Export as new Build Order

Jhyrachy Zerg 

Build Orders: Pool First 

Get SALT Encoding   

  12  0:01  Drone  
  13  0:08  Drone  
  14  0:20  Extractor, Drone  
  14  0:24  Extractor  
  14  0:25  Drone  
  15  0:30  Overlord  
  15  0:50  Spawning Pool  
  15  0:52  Drone  
  15  0:55  Drone  
  16  0:58  Drone  
  17  1:07  Drone  
  18  1:30  Drone  
  19  1:36  Hatchery  
  19  1:37  Metabolic Boost  
  19  1:39  Zergling x2  
  19  1:46  Zergling x2  
  20  1:52  Queen  
  22  2:06  Overlord  
  22  2:15  Baneling Nest  
  21  2:18  Drone  
  22  2:35  Zergling x2  
  22  2:36  Zergling x4  
  24  2:49  Zergling x2  
  24  2:50  Zergling x2  
  24  2:53  Queen  
  24  2:54  Queen  
  27  3:03  Zergling x2  
  27  3:04  Zergling x6  
  31  3:17  Drone x2, Evolution Chamber  
  31  3:18  Drone  
  33  3:41  Drone x2  
  33  3:42  Drone  
  35  3:49  Zerg Melee Weapons Level 1  
  35  3:55  Baneling  
  35  3:56  Baneling  
  35  3:57  Baneling  
  34  4:13  Drone  
  34  4:14  Overlord x2  
  35  4:29  Burrow  
  35  4:32  Drone  
  35  4:33  Overlord x2  
  35  4:34  Drone x3  
  35  4:35  Drone x3  
  42  4:52  Zergling x2  
  43  4:53  Zergling x10  
  43  4:59  Baneling x2  
  47  5:00  Baneling  
  37  5:39  Zergling x8  
  37  5:40  Zergling x4  
  43  5:44  Hatchery  
  34  6:12  Zergling x4  
  34  6:13  Zergling x12  
  31  6:33  Baneling x8  
Tags
 
Add a new tag
Caveats
  • Supply blocks, unpowered buildings, or Contaminate may cause inaccurate times.
  • Supply counts are checked every 10 seconds.